 Dungeon Crawl Stone Soup version 0.29.1-13-g9f3cf754e1 (webtiles) character file.

Game seed: 7349437208502810310

31 Thatpatchoflichen the Trooper (level 3, 0/29 HPs)
             Began as a Mummy Berserker on Jan 19, 2023.
             Was a Follower of Trog.
             Slain by an adder (1 damage)
             ... on level 2 of the Dungeon.
             The game lasted 00:02:41 (1648 turns).

Thatpatchoflichen the Trooper (Mummy Berserker)     Turns: 1648, Time: 00:02:42

Health: 0/29       AC:  3    Str: 22    XL:     3   Next: 7%
Magic:  3/3        EV: 12    Int:  6    God:    Trog [*.....]
Gold:   119        SH:  0    Dex: 11    Spells: 2/2 levels left

rFire   x . .      SeeInvis .     - Unarmed
rCold   + . .      Faith    .   (no shield)
rNeg    + + +      Spirit   .   b - +0 leather armour
rPois   ∞          Reflect  .   (no helmet)
rElec   .          Harm     .   (no cloak)
rCorr   .          Rampage  .   (no gloves)
Will    .....                   (no boots)
Stlth   +.........              (no amulet)
HPRegen 0.09/turn               (no ring)
MPRegen 0.08/turn               (no ring)

@: no status effects
A: cold resistance 1, negative energy resistance 3, torment resistance 2, heat
vulnerability 1, in touch with death 1, no potions
a: Renounce Religion


You were on level 2 of the Dungeon.
You worshipped Trog.
Trog was aware of your devotion.
You visited 1 branch of the dungeon, and saw 3 of its levels.

You collected 119 gold pieces.

Inventory:

Missiles
 f - 3 poisoned darts (quivered)
Armour
 a - a +0 animal skin
 b - a +0 leather armour (worn)
Scrolls
 c - 2 scrolls of blinking {unknown}
 d - a scroll of teleportation {unknown}
 e - a scroll of enchant weapon {unknown}
 g - a scroll of amnesia {unknown}


   Skills:
 + Level 3.3 Fighting
 + Level 2.0 Armour
 + Level 2.0 Dodging
 + Level 2.7 Unarmed Combat


You had 2 spell levels left.
You didn't know any spells.
Your spell library was empty.

Dungeon Overview and Level Annotations

Branches:
Dungeon (3/15)

Altars:

Shops:
D:1 (:


Innate Abilities, Weirdness & Mutations

You are immune to poison.
Your flesh is cold resistant. (rC+)
You are immune to negative energy. (rN+++)
You are immune to unholy pain and torment.
You are vulnerable to heat. (rF-)
You are in touch with the powers of death.
You do not drink.


Message History

The adder bites you but does no damage.
You closely miss the quokka.
The quokka bites you but does no damage.
The rat closely misses you. The adder misses you. The adder bites you.
You closely miss the quokka. The quokka bites you.
The adder bites you but does no damage. The adder bites you.
The rat barely misses you.
You miss the quokka. The adder closely misses you. The quokka misses you.
The adder misses you. The rat bites you. The quokka closely misses you.
The adder bites you.
You hit the quokka.
You kill the quokka!
Trog accepts your kill. The adder bites you.
The rat bites you but does no damage. The adder closely misses you.
The adder barely misses you. The rat bites you but does no damage.
The adder misses you. The adder attacks as you move away!
The adder closely misses you. The adder attacks as you move away!
The adder bites you.
* * * LOW HITPOINT WARNING * * *
The rat barely misses you. The adder attacks as you move away!
The adder barely misses you. The rat attacks as you move away!
The rat bites you.
* * * LOW HITPOINT WARNING * * *
The adder bites you.
* * * LOW HITPOINT WARNING * * *
The rat attacks as you move away! The rat closely misses you.
The adder attacks as you move away! The adder barely misses you.
The rat attacks as you move away! The rat barely misses you.
The adder misses you. The rat attacks as you move away!
The rat bites you but does no damage. The adder barely misses you.
You open the door. The adder bites you.
* * * LOW HITPOINT WARNING * * *
The rat bites you but does no damage. The adder attacks as you move away!
The adder barely misses you.
Found 5 curare-tipped darts.
There is an open door here.
A ball python comes into view.
The adder bites you.
You die...

#.# # #. ... #
#.#####.################
.(.................÷.!.#
#..................###.#
#..................# #.#
#..................# #.#
#......@......S....# #..
##.#####S#####......# ###
......##S# #......# #
........r########..## #
..$...#.......# #..# #
......#.......# #..######
......+.....†.# #........
......#.......# ##.......
..............####...####


You could see 2 adders, a ball python (wandering) and a rat.

Vanquished Creatures
  2 dart slugs
  3 ball pythons (D:1)
  4 endoplasms
  A giant cockroach (D:1)
  3 goblins
  A hobgoblin (D:2)
  4 jackals (D:2)
  A kobold (D:1)
  A quokka (D:2)
  3 bats (D:1)
23 creatures vanquished.

Notes
Turn   | Place    | Note
-------+----------+-------------------------------------------
     0 | D:1      | Thatpatchoflichen the Mummy Berserker began the quest for
                  | the Orb.
     0 | D:1      | Reached XP level 1. HP: 18/18 MP: 1/1
    55 | D:1      | Found Kucegeb's Weapon Shop.
   308 | D:1      | Reached XP level 2. HP: 19/24 MP: 2/2
   477 | D:1      | Found a faded altar of an unknown god.
   831 | D:1      | Found Arudail's Book Shoppe.
  1576 | D:2      | Gained mutation: You are in touch with the powers of death.
                  | [Mummy growth]
  1576 | D:2      | Reached XP level 3. HP: 20/29 MP: 3/3
  1638 | D:2      | HP: 1/29 [adder (4)]
  1646 | D:2      | HP: 1/29 [adder (1)]
  1648 | D:2      | Slain by an adder

Illustrated notes

Levels and vault maps discovered:
D:1:      eino_arrival_cavern_b, layout_basic,
          ebering_ecumenical_altar_sacrificial, serial_shops, shop,
          nicolae_shop_waterfront, hangedman_abyss_or_decor_stabs, minivault_23,
          nicolae_figureground_sparkle
D:2:      layout_basic, serial_glass, glass_columns_c, glass_columns_a,
          minmay_increasing_density
D:3:      layout_basic, skrybe_limestone_x

Skill      XL: |  1  2 |
---------------+-------+-----
Armour         | 2 |  2.0
Dodging        | 2 |  2.0
Fighting       | |  3.3
Unarmed Combat | |  2.7

Action                   || total
-------------------------++-------
Melee: Unarmed           ||    94
       Punch             ||     3
Armor: Leather armour    ||    38
Dodge: Dodged            ||    74
